 Dungeon Crawl Stone Soup version 0.29-a0-648-g6b26cc9f40 (webtiles) character file.

Game seed: 13916500461897029934

13638 bfelr the Unseen (level 11, 0/52 HPs)
             Began as a Spriggan Enchanter on June 20, 2022.
             Was a Priest of Dithmenos.
             Slain by an eight-headed hydra (14 damage)
             ... on level 11 of the Dungeon.
             The game lasted 00:27:34 (13832 turns).

bfelr the Unseen (Spriggan Enchanter)              Turns: 13832, Time: 00:27:34

Health: 0/52       AC:  6    Str:  8    XL:     11   Next: 78%
Magic:  21/28      EV: 27    Int: 14    God:    Dithmenos [***...]
Gold:   870        SH:  0    Dex: 27    Spells: 24/35 levels left

rFire   . . .      SeeInvis +   a - +4 dagger (venom)
rCold   . . .      Faith    .   (no shield)
rNeg    . . .      Spirit   .   r - +1 robe of Kudghon {rPois Will++ Int-2 Stlth+}
rPois   +          Reflect  .   t - +0 hat "Jykej" {rElec Dex+4 Stlth+}
rElec   +          Harm     .   w - +2 cloak
rCorr   .          Rampage  .   (gloves unavailable)
Will    +++..                   (boots unavailable) Stlth ***+++++++
                                (no amulet)
HPRegen 0.17/turn               e - +4 ring of evasion
MPRegen 0.21/turn               f - +6 ring of dexterity

@: wreathed by umbra, very quick
A: very small, no large weapons, unfitting armour, see invisible, speed 3,
deterioration 1, poison resistance
a: Renounce Religion, Shadow Step


You were on level 11 of the Dungeon.
You worshipped Dithmenos.
Dithmenos was most pleased with you.
You visited 2 branches of the dungeon, and saw 12 of its levels.
You also visited: Ossuary.

You collected 892 gold pieces.
You spent 22 gold pieces at shops.

Inventory:

Hand Weapons
 a - a +4 dagger of venom (weapon)
 b - the +7 long sword of the Forging Sybil {vorpal, rN+}
   (You found it on level 7 of the Dungeon)

   It inflicts extra damage upon your enemies.
   rN:        It protects you from negative energy.
 B - a +3 dagger of chaos
Missiles
 m - 21 poisoned darts (quivered)
 C - a curare-tipped dart
Armour
 n - a +2 robe of cold resistance
 r - the +1 robe of Kudghon (worn) {rPois Will++ Int-2 Stlth+}
   (You found it on level 5 of the Dungeon)

   Int:       It affects your intelligence (-2).
   rPois:     It protects you from poison.
   Will:      It greatly increases your willpower.
   Stlth:     It makes you more stealthy.
 t - the +0 hat "Jykej" (worn) {rElec Dex+4 Stlth+}
   (You acquired it on level 5 of the Dungeon)

   Dex:       It affects your dexterity (+4).
   rElec:     It insulates you from electricity.
   Stlth:     It makes you more stealthy.
 w - a +2 cloak (worn)
 D - a +1 robe of fire resistance
Jewellery
 e - a +4 ring of evasion (left hand)
 f - a +6 ring of dexterity (right hand)
Wands
 h - a wand of flame (26)
 A - a wand of mindburst (15)
 G - a wand of paralysis (4)
Scrolls
 d - 5 scrolls of identify
 j - 5 scrolls of teleportation
 l - 2 scrolls of fog
 u - 2 scrolls of fear
 y - a scroll of amnesia
 F - a scroll of poison
Potions
 c - 3 potions of invisibility
 g - 4 potions of might
 i - 5 potions of heal wounds
 k - 2 potions of brilliance
 p - 3 potions of mutation
 q - 3 potions of haste
 s - a potion of magic
 v - a potion of lignification
 x - a potion of flight
 z - a potion of resistance
 E - 7 potions of curing


   Skills:
 + Level 3.5 Fighting
 + Level 4.7 Short Blades
 + Level 6.2 Dodging
 + Level 15.4 Stealth
 + Level 12.6 Spellcasting
 + Level 12.9 Hexes


You had 24 spell levels left.
You knew the following spells:

 Your Spells              Type           Power      Damage    Failure   Level
a - Ensorcelled Hibernat  Hex/Ice        52%        N/A       1%          2
b - Tukima's Dance        Hex            45%        N/A       1%          3
c - Dazzling Flash        Conj/Hex       52%        N/A       1%          3
d - Confusing Touch       Hex            45%        N/A       1%          3

Your spell library contained the following spells:

 Spells                   Type           Power      Damage    Failure   Level
 Sting                    Tmut/Pois      32%        1d4       9%          1
 Poisonous Vapours        Pois/Air       16%        N/A       12%         2
 Gell's Gravitas          Tloc           8%         N/A       24%         3
 Lesser Beckoning         Tloc           8%         N/A       24%         3
 Teleport Other           Tloc           8%         N/A       24%         3
 Olgreb's Toxic Radiance  Pois           8%         N/A       63%         4


Dungeon Overview and Level Annotations

Branches:
Dungeon (11/15)            Temple (1/1) D:5            Lair (0/6) D:8
Ossuary (visited)
    Orc: D:9-12

Altars:
Ashenzari
Cheibriados
Dithmenos
Elyvilon
Fedhas
Gozag
Hepliaklqana
Kikubaaqudgha
Makhleb
Nemelex Xobeh
Okawaru
Qazlal
Ru
Sif Muna
Trog
Uskayaw
Vehumet
Wu Jian
Xom
Yredelemnul
Zin
The Shining One
Beogh

Shops:
D:5 *

Annotations:
D:6 3 runed translucent doors, flestrin's ghost, novice HOBe


Innate Abilities, Weirdness & Mutations

You are very small and have problems with some larger weapons.
You are too small for most types of armour.
You have supernaturally acute eyesight. (SInv)
You cover ground extremely quickly. (Speed+++)
Your body sometimes deteriorates upon taking damage.
Your system is resistant to poisons. (rPois)


Message History

The eight-headed hydra bites you but does no damage.
Casting: Ensorcelled Hibernation (safe; 1% risk of failure)
Confirm with . or Enter, or press ? or * to list all spells.
Aiming: Ensorcelled Hibernation (safe; 1% risk of failure)
Press: ? - help, Shift-Dir - straight line, f/p - eight-headed hydra
Aim: an eight-headed hydra (umbra, chance to affect: 23%)
The eight-headed hydra resists with almost no effort.
The eight-headed hydra completely misses you.
The eight-headed hydra closely misses you.
The eight-headed hydra completely misses you.
The eight-headed hydra bites you but does no damage.
The eight-headed hydra closely misses you.
The eight-headed hydra completely misses you.
The eight-headed hydra misses you.
The eight-headed hydra completely misses you.
Casting: Ensorcelled Hibernation (safe; 1% risk of failure)
Confirm with . or Enter, or press ? or * to list all spells.
Aiming: Ensorcelled Hibernation (safe; 1% risk of failure)
Press: ? - help, Shift-Dir - straight line, f/p - eight-headed hydra
Aim: an eight-headed hydra (umbra, chance to affect: 23%)
The eight-headed hydra resists with almost no effort.
The eight-headed hydra misses you.
The eight-headed hydra completely misses you.
The eight-headed hydra closely misses you.
The eight-headed hydra barely misses you.
The eight-headed hydra misses you.
The eight-headed hydra completely misses you.
The eight-headed hydra bites you! The eight-headed hydra misses you.
Casting: Ensorcelled Hibernation (safe; 1% risk of failure)
Confirm with . or Enter, or press ? or * to list all spells.
Aiming: Ensorcelled Hibernation (safe; 1% risk of failure)
Press: ? - help, Shift-Dir - straight line, f/p - eight-headed hydra
Aim: an eight-headed hydra (umbra, chance to affect: 23%)
The eight-headed hydra resists with almost no effort.
The eight-headed hydra completely misses you.
The eight-headed hydra bites you!
* * * LOW HITPOINT WARNING * * *
The eight-headed hydra bites you but does no damage.
The eight-headed hydra bites you!
You die...

.... .... ..... #...#
....##... #... .#[......#
##.. .#.##....# #...##
...#.....####....######.#.
..........................
....# #..........DW.###.#
.#..# #.....[...@#.[....#
....# #..................#
##..# #...................
##.###..#####.?..........
#.#...#.................
#...###.................
#..## #..<..............
#### #.................
#................


You could see an eight-headed hydra and a wraith.

Vanquished Creatures
  Josephine (D:10)
  2 two-headed ogres
  Amaemon (D:11)
  Pikel (D:6)
  Psyche (D:8)
  An orange demon (D:11)
  An unseen horror (D:11)
  An unseen horror zombie (D:8)
  A komodo dragon (D:10)
  A troll (D:10)
  Grinder (D:3)
  Prince Ribbit (D:6)
  A hornet (D:9)
  A shadow (D:10)
  Eustachio (D:6)
  2 wyverns (D:9)
  2 dancing weapons (D:9)
  7 yaks
  6 wraiths (D:10)
  4 vampire mosquitoes (D:10)
  2 acid dragons (D:10)
  Menkaure (Ossuary)
  4 water moccasins
  3 orc warriors (D:9)
  4 sky beasts
  An ogre (D:5)
  2 black bears
  4 wolves (D:10)
  5 centaurs
  3 lemures (D:6)
  3 kobold brigands
  9 bullfrogs
  A necrophage (D:6)
  2 wyvern zombies (D:8)
  3 scorpions
  8 wights
  4 killer bees (D:10)
  4 howler monkeys
  3 centaur zombies (Ossuary)
  4 hounds
  A human zombie (Ossuary)
  A jelly (D:1)
  2 orc priests (D:9)
  Crazy Yiuf (D:6)
  2 gnoll shamans (D:5)
  Ijyb (D:3)
  5 iguanas
  6 orc wizards
  4 killer bee zombies (D:8)
  2 ogre zombies (Ossuary)
  6 mummies (Ossuary)
  3 howler monkey zombies (D:8)
  2 adders
  4 gnolls
  A shadow imp (D:7)
  2 white imps
  3 adder zombies (Ossuary)
  3 worms
  3 dart slugs
  31 orcs
  5 ball pythons
  5 bats
  9 endoplasms
  8 giant cockroaches
  13 goblins
  11 hobgoblins
  8 jackals
  20 kobolds
  4 frilled lizards
  5 goblin zombies (Ossuary)
  5 hobgoblin zombies (Ossuary)
  3 kobold zombies (Ossuary)
  An orc zombie (Ossuary)
  4 quokka zombies (Ossuary)
  11 rats
  3 rat zombies (Ossuary)
305 creatures vanquished.

Vanquished Creatures (collateral kills)
  Grum (D:10)
  An orc warrior (D:9)
  A wight (D:9)
  A gnoll (D:5)
  2 orcs (D:9)
  3 kobolds (D:8)
9 creatures vanquished.

Vanquished Creatures (others)
  4 dancing weapons
  37 fungi (D:8)
  25 plants
66 creatures vanquished.

Grand Total: 380 creatures vanquished

Notes
Turn   | Place    | Note
-------+----------+-------------------------------------------
     0 | D:1      | bfelr the Spriggan Enchanter began the quest for the Orb.
     0 | D:1      | Reached XP level 1. HP: 9/9 MP: 5/5
     1 | D:1      | Found a runed translucent door.
     2 | D:1      | Noticed a jelly
   429 | D:1      | Reached XP level 2. HP: 13/13 MP: 7/7
   432 | D:1      | Learned a level 2 spell: Ensorcelled Hibernation
  1158 | D:1      | Reached XP level 3. HP: 16/16 MP: 9/9
  1162 | D:1      | Learned a level 3 spell: Tukima's Dance
  1166 | D:1      | Learned a level 3 spell: Confusing Touch
  1322 | D:1      | Reached XP level 4. HP: 17/21 MP: 8/11
  1334 | D:1      | Reached skill level 5 in Hexes
  2377 | D:2      | Learned a level 3 spell: Dazzling Flash
  2513 | D:3      | Reached skill level 5 in Spellcasting
  2513 | D:3      | Reached XP level 5. HP: 24/24 MP: 11/13
  2531 | D:3      | Found a faded altar of an unknown god.
  2579 | D:3      | Noticed Grinder
  2587 | D:3      | Killed Grinder
  2588 | D:3      | Reached skill level 5 in Stealth
  2588 | D:3      | Reached XP level 6. HP: 28/28 MP: 13/15
  2609 | D:3      | Found an ancient bone altar of Kikubaaqudgha.
  3036 | D:3      | Found a sacrificial altar of Ru.
  3180 | D:3      | Noticed Ijyb
  3192 | D:3      | Killed Ijyb
  3193 | D:3      | Reached skill level 6 in Stealth
  3196 | D:3      | Gained mutation: Your body sometimes deteriorates upon
                  | taking damage. [potion of mutation]
  3196 | D:3      | Gained mutation: Your system is resistant to poisons.
                  | (rPois) [potion of mutation]
  3927 | D:4      | Found a sand-covered staircase.
  3934 | Ossuary  | Entered an ossuary
  4478 | Ossuary  | Reached XP level 7. HP: 32/32 MP: 17/17
  4767 | Ossuary  | Noticed Menkaure
  4804 | Ossuary  | Killed Menkaure
  4805 | Ossuary  | Reached skill level 7 in Stealth
  5801 | D:5      | Entered Level 5 of the Dungeon
  5817 | D:5      | Reached skill level 8 in Stealth
  5868 | D:5      | Reached XP level 8. HP: 36/36 MP: 12/20
  6141 | D:5      | Found a staircase to the Ecumenical Temple.
  6160 | Temple   | Entered the Ecumenical Temple
  6508 | D:5      | Found Rusiru's General Store.
  6512 | D:5      | Found Fahop's Specific Store.
  6519 | D:5      | Bought a scroll of identify for 22 gold pieces
  6613 | D:5      | Identified the +1 robe of Kudghon {rPois Will++ Int-2
                  | Stlth+}
  6800 | D:5      | Reached skill level 9 in Stealth
  7328 | D:5      | Identified a scroll of acquirement
  7328 | D:5      | Acquired the +0 hat "Jykej" {rElec Dex+4 Stlth+}
  7749 | D:6      | Noticed Pikel
  7787 | D:6      | Killed Pikel
  7788 | D:6      | Reached skill level 10 in Stealth
  7788 | D:6      | Reached XP level 9. HP: 25/39 MP: 18/23
  8015 | D:6      | Noticed Eustachio
  8020 | D:6      | Killed Eustachio
  8087 | D:6      | Reached skill level 11 in Stealth
  8127 | D:6      | Found a shimmering altar of Xom.
  8135 | D:6      | Found a basalt altar of Yredelemnul.
  8153 | D:6      | Noticed Prince Ribbit
  8328 | D:6      | Killed Prince Ribbit
  8659 | D:6      | Reached skill level 10 in Hexes
  8734 | D:6      | Found a runed translucent gate.
  8735 | D:6      | Found a runed translucent gate.
  8736 | D:6      | Found a runed translucent gate.
  8738 | D:6      | Noticed flestrin's ghost (novice HOBe)
  8831 | D:6      | Found a runed translucent door.
  8832 | D:6      | Noticed Crazy Yiuf
  8839 | D:6      | Killed Crazy Yiuf
  9658 | D:7      | Reached skill level 10 in Spellcasting
  9681 | D:7      | Reached skill level 12 in Stealth
  9815 | D:7      | Identified the +7 long sword of the Forging Sybil {vorpal,
                  | rN+}
 10092 | D:7      | Found a shadowy altar of Dithmenos.
 10097 | D:7      | Became a worshipper of Dithmenos the Shadowed
 10252 | D:8      | Found a snail-covered altar of Cheibriados.
 10667 | D:8      | Reached XP level 10. HP: 31/44 MP: 13/25
 10767 | D:8      | Noticed a two-headed ogre
 10772 | D:8      | Killed a two-headed ogre
 10773 | D:8      | Reached skill level 13 in Stealth
 10780 | D:8      | Found a staircase to the Lair.
 10858 | D:8      | Found a hazy altar of Hepliaklqana.
 10893 | D:8      | Noticed Psyche
 10900 | D:8      | Killed Psyche
 10976 | D:8      | Reached * piety under Dithmenos
 11133 | D:8      | Found a blossoming altar of Fedhas.
 11372 | D:8      | Reached skill level 14 in Stealth
 11559 | D:9      | Found a burning altar of Makhleb.
 11638 | D:9      | Reached skill level 1 in Fighting
 11827 | D:9      | Found a glowing golden altar of the Shining One.
 11833 | D:9      | Noticed a two-headed ogre
 11840 | D:9      | Killed a two-headed ogre
 11948 | D:9      | Reached ** piety under Dithmenos
 12139 | D:9      | Found a white marble altar of Elyvilon.
 12165 | D:9      | Reached XP level 11. HP: 50/50 MP: 15/27
 12314 | D:9      | Found an opulent altar of Gozag.
 12649 | D:10     | Entered Level 10 of the Dungeon
 12692 | D:10     | Reached *** piety under Dithmenos
 12776 | D:10     | Found a bloodstained altar of Trog.
 12778 | D:10     | Noticed Grum
 12796 | D:10     | Killed Grum
 13246 | D:10     | Reached skill level 5 in Dodging
 13402 | D:10     | Noticed Josephine
 13406 | D:10     | Reached skill level 15 in Stealth
 13490 | D:10     | Killed Josephine
 13635 | D:11     | Noticed Amaemon
 13652 | D:11     | Killed Amaemon
 13821 | D:11     | Noticed an eight-headed hydra
 13832 | D:11     | Slain by an eight-headed hydra

Illustrated notes

Levels and vault maps discovered:
D:1:      dpeg_arrival_caged_fury, layout_loops_cross
D:2:      kennysheep_the_goblin_king, layout_basic
D:3:      layout_basic, nicolae_ru_great_annihilating_truth,
          mainiacjoe_overflow_catwalk, basic_ecumenical_altar, uniq_ijyb,
          uniq_grinder
D:4:      nicolae_BIG_FREAKIN_CUBE, layout_loops_ring,
          nicolae_ossuary_entry_ruins
D:5:      layout_cave_pods, minmay_temple_entry_statues_pillars,
          nicolae_specific_store, grunt_ministairs_7, nicolae_grassy_gnolls
D:6:      layout_basic, minitemple, biasface_ghost_orc_armoury,
          uniq_prince_ribbit1, uniq_pikel, uniq_eustachio,
          uniq_crazy_yiuf_cottage
D:7:      layout_cave_pods, kennysheep_little_box, grunt_decor_fettered
D:8:      layout_cave_pools, fedhas_bush_and_centaur_altar,
          kennysheep_slug_shrine, marbit_many_paths,
          due_lair_maze_entry_diamond, serial_undead, serial_undead_f,
          serial_undead_f, serial_undead_d, serial_undead_c,
          serial_bayou_pond_d, feat_on_display, uniq_psyche
D:9:      layout_small_grid, nicolae_gozag_cash_rules_everything_around_me,
          nicolae_tso_carved_into_rock, lemuel_round_altar, bloody_makhleb,
          special_room [special_room_orc], kennysheep_generic_room_10
D:10:     layout_roguey, amcnicky_altar_gilded, uniq_josephine, uniq_grum
D:11:     layout_rooms, uniq_amaemon
Temple:   compressed_dpeg_triangle_lava_temple

Skill      XL: |  1  2  3  4  5  6  7  8  9 10 11 |
---------------+----------------------------------+-----
Spellcasting   | 3 4 5 6 7 9 10 11 12 | 12.6
Hexes          | 4 5 6 7 9 10 12 | 12.9
Stealth        | 5 6 8 10 12 14 15 | 15.4
Dodging        | 4 6 |  6.2
Fighting       | 1 3 |  3.5
Short Blades   | 2 4 |  4.7

Action                   |  1- 3 |  4- 6 |  7- 9 | 10-12 || total
-------------------------+-------+-------+-------+-------++-------
Melee: Dagger            |   146 |   248 |   317 |   251 ||   962
       Punch             |       |     4 |     6 |     3 ||    13
 Cast: Ensorcelled Hiber |     3 |    10 |    26 |    22 ||    61
       Confusing Touch   |       |     2 |    14 |    12 ||    28
       Tukima's Dance    |       |       |     9 |    22 ||    31
Evoke: Wand              |       |       |       |     1 ||     1
  Use: Scroll            |     1 |    11 |    12 |     5 ||    29
       Potion            |     3 |     2 |     1 |     1 ||     7
 Stab: Sleeping          |     5 |    23 |    46 |    46 ||   120
       Invisible         |       |     3 |       |       ||     3
       Confused          |       |     1 |    10 |    14 ||    25
       Distracted        |       |     1 |     2 |     4 ||     7
Armor: Robe              |    11 |     8 |    20 |    24 ||    63
Dodge: Dodged            |   147 |   152 |   281 |   362 ||   942

Table legend: (Time is in decaauts)
 A = Elapsed time spent in this place.
 B = Non-inter-level travel time spent in this place.
 C = Inter-level travel time spent in this place.
 D = Time resting spent in this place.
 E = Time spent auto-exploring this place.
 F = Levels seen in this place.
 G = Mean time per level.
                   A        B        C        D        E       F      G
               +--------+--------+--------+--------+--------+-----+--------+
         Total |  10782 |  10624 |    158 |   1303 |   7079 |  13 |  829.4 |
       Dungeon |   9402 |   9248 |    154 |    707 |   6589 |  11 |  854.7 |
        Temple |    181 |    178 |      3 |      0 |    174 |   1 |  181.0 |
       Ossuary |   1197 |   1197 |      0 |    596 |    316 |   1 | 1197.0 |
               +--------+--------+--------+--------+--------+-----+--------+

Top non-repeatable levels by time:
     D:1: 1303 daAuts
 Ossuary: 1197 daAuts
     D:5: 1171 daAuts
     D:8: 1066 daAuts
     D:6: 1022 daAuts
     D:7: 912 daAuts
     D:3: 840 daAuts
     D:9: 799 daAuts
     D:2: 762 daAuts
    D:10: 758 daAuts
     D:4: 578 daAuts
    D:11: 186 daAuts
  Temple: 181 daAuts
